Map: Odyssey LE

Players

Dessa

  • Race: Zerg Zerg
  • League: Diamond
  • Spawn Location: 5:00

Zelenia - Winner!

  • Race: Terran Terran
  • League: Diamond
  • Spawn Location: 11:00

VOD

Have the link to the VOD?

Description

Time

  • Played on: Jan. 1, 2018, 3:08 a.m.
  • Length: 20:12
Show
View Real Time Build Order
Export as new Build Order

Dessa Zerg 

Build Orders: Hatch First 

Get SALT Encoding   

  12  0:01  Drone  
  13  0:12  Overlord  
  13  0:17  Drone  
  14  0:30  Drone x2  
  14  0:34  Drone  
  17  0:54  Hatchery  
  17  0:56  Drone  
  17  0:59  Extractor  
  17  1:01  Drone  
  17  1:17  Spawning Pool  
  16  1:20  Drone  
  16  1:23  Drone  
  18  1:28  Drone  
  19  1:39  Overlord  
  19  1:49  Drone  
  20  2:04  Queen  
  20  2:06  Queen  
  24  2:09  Metabolic Boost  
  24  2:10  Zergling x2  
  24  2:12  Drone  
  26  2:16  Drone  
  27  2:24  Drone  
  27  2:25  Drone  
  29  2:31  Baneling Nest  
  28  2:47  Queen  
  28  2:49  Drone x2  
  28  2:50  Drone  
  33  2:52  Overlord  
  33  3:08  Drone x3  
  33  3:11  Overlord  
  36  3:17  Drone x4  
  40  3:34  Drone  
  40  3:35  Drone  
  40  3:39  Extractor  
  40  3:40  Lair  
  41  3:44  Hatchery  
  41  3:45  Overlord  
  40  3:55  Drone x3  
  43  3:56  Drone  
  43  3:58  Drone  
  43  3:59  Drone x2, Extractor  
  43  4:00  Extractor  
  44  4:19  Overlord  
  44  4:22  Drone x3  
  44  4:23  Drone x3  
  51  4:24  Zergling x8  
  51  4:31  Evolution Chamber  
  53  4:32  Evolution Chamber  
  53  4:34  Drone  
  53  4:35  Drone  
  54  4:43  Hydralisk Den  
  53  4:55  Overlord  
  53  4:57  Zerg Ground Armor Level 1  
  53  4:58  Queen  
  53  4:59  Drone x4  
  59  5:05  Centrifical Hooks  
  59  5:10  Pneumatized Carapace  
  59  5:12  Drone x3  
  59  5:13  Drone  
  63  5:15  Zergling x6  
  66  5:28  Hydralisk, Zerg Missile Weapons Level 1  
  66  5:29  Hydralisk x2  
  66  5:30  Zergling x2  
  66  5:32  Drone  
  74  5:40  Overlord  
  74  5:41  Overlord  
  57  6:05  Zergling x12  
  57  6:11  Zergling x14  
  60  6:12  Zergling x8  
  65  6:27  Queen x2  
  66  6:34  Hydralisk x4  
  66  6:38  Drone x4  
  63  6:56  Hydralisk x2, Muscular Augments  
  63  6:57  Hydralisk x2  
  71  7:15  Zergling x12  
  77  7:26  Drone  
  77  7:27  Drone x4  
  82  7:31  Hatchery  
  81  7:42  Drone x4  
  85  7:56  Extractor  
  84  8:11  Zergling x6  
  84  8:12  Zergling x6  
  90  8:13  Baneling x4  
  90  8:14  Baneling x7  
  90  8:23  Overlord x3  
  90  8:25  Zerg Ground Armor Level 2, Zerg Missile Weapons Level 2  
  90  8:29  Extractor  
  90  8:30  Overlord  
  89  8:35  Baneling x4  
  89  8:36  Baneling x2  
  89  8:43  Queen  
  89  8:45  Drone  
  89  8:47  Drone x3  
  95  8:50  Drone x3  
  95  8:51  Drone x2  
  95  8:52  Drone, Overlord x2  
  101  9:01  Drone x6  
  107  9:03  Zergling x2  
  107  9:04  Zergling x8  
  112  9:26  Zergling x8  
  112  9:27  Zergling x2  
  96  10:03  Zergling x4  
  96  10:04  Zergling x8  
  96  10:05  Zergling x6  
  105  10:09  Infestation Pit  
  104  10:15  Zergling x2  
  104  10:16  Zergling x24  
  117  10:24  Baneling x7  
  117  10:25  Baneling x8  
  117  10:26  Baneling x2, Zergling x4  
  117  10:27  Zergling x2  
  120  10:34  Overlord x2  
  94  11:10  Zergling x2  
  94  11:11  Zergling x10, Hydralisk x3  
  89  11:12  Hydralisk x3  
  89  11:13  Zergling x2  
  89  11:18  Zergling x4  
  98  11:24  Drone x4  
  102  11:31  Zergling x8  
  102  11:32  Zergling x4  
  108  11:33  Extractor  
  108  11:34  Baneling x9, Extractor  
  101  11:50  Hatchery  
  101  11:52  Spine Crawler, Extractor  
  101  11:53  Spine Crawler  
  97  12:05  Hive  
  97  12:12  Zergling x2  
  97  12:13  Zergling x10, Hydralisk x4  
  97  12:14  Hydralisk x6  
  123  12:19  Zerg Melee Weapons Level 1  
  123  12:58  Zergling x2  
  123  12:59  Zergling x28  
  123  13:00  Zergling x14  
  124  13:12  Zergling x2  
  124  13:13  Zergling x14  
  124  13:18  Zergling x2, Hydralisk  
  124  13:19  Hydralisk x3  
  105  13:29  Zerg Missile Weapons Level 3  
  92  13:36  Ultralisk Cavern  
  92  13:37  Baneling x7  
  92  13:38  Baneling x4, Hydralisk  
  92  13:39  Hydralisk x10  
  109  13:48  Hydralisk x2  
  109  13:49  Zergling x2  
  109  14:02  Hydralisk x4  
  88  14:13  Zerg Ground Armor Level 3  
  74  14:21  Zergling x6  
  74  14:22  Zergling x4  
  70  14:33  Drone x3  
  70  14:34  Drone x2  
  73  14:39  Hatchery  
  73  14:44  Queen  
  70  15:09  Queen  
  70  15:10  Chitinous Plating  
  70  15:12  Ultralisk x2  
  70  15:14  Ultralisk x2, Hydralisk x2  
  96  15:15  Hydralisk x6  
  96  15:18  Queen  
  114  15:23  Drone x2  
  114  15:24  Drone  
  114  15:27  Baneling x7  
  114  15:48  Zergling x2  
  114  15:49  Zergling x18  
  87  16:10  Queen  
  72  16:13  Ultralisk  
  72  16:14  Ultralisk  
  73  16:21  Zergling x6, Hydralisk x7  
  83  16:25  Drone  
  83  16:26  Drone  
  83  16:56  Drone x3  
  83  16:57  Drone  
  87  17:04  Hydralisk  
  87  17:05  Hydralisk  
  87  17:06  Ultralisk x3  
  87  17:08  Hydralisk x3  
  115  17:16  Drone x3  
  115  17:19  Hydralisk  
  115  17:20  Hydralisk  
  122  17:36  Zergling x10  
  122  17:37  Zergling x10  
  128  17:38  Zergling x2  
  133  17:52  Hydralisk x5  
  110  18:21  Hydralisk x5  
  110  18:22  Hydralisk x4  
  110  18:25  Hydralisk  
  118  18:38  Hydralisk x3  
  125  18:41  Zergling x2  
  113  19:08  Hydralisk x2  
  117  19:15  Ultralisk x3  
Show
View Real Time Build Order
Export as new Build Order

Zelenia Terran - Winner!

Build Orders: MMM Bio 

Get SALT Encoding   

  12  0:00  SCV  
  13  0:12  SCV  
  14  0:18  Supply Depot  
  14  0:25  SCV  
  15  0:39  SCV  
  16  0:44  Barracks  
  16  0:47  Refinery  
  16  0:51  SCV  
  17  1:03  SCV  
  18  1:15  SCV  
  19  1:28  SCV  
  19  1:32  Reaper  
  21  1:43  Orbital Command  
  21  1:51  Command Center  
  21  2:03  Barracks  
  21  2:05  Barracks Reactor  
  21  2:10  Supply Depot  
  21  2:12  SCV  
  22  2:24  SCV  
  22  2:27  Factory  
  23  2:34  Refinery  
  23  2:36  SCV  
  24  2:42  Marine  
  24  2:43  Marine  
  26  2:48  SCV  
  26  2:50  Barracks Tech Lab  
  27  3:00  SCV  
  27  3:06  Marine x2  
  27  3:09  Orbital Command  
  27  3:12  Stimpack  
  29  3:13  SCV  
  30  3:21  Marine  
  30  3:24  Marine  
  30  3:26  SCV  
  33  3:33  Starport  
  33  3:35  Factory Reactor  
  33  3:37  SCV  
  33  3:38  SCV  
  35  3:44  Supply Depot  
  35  3:47  Marine  
  35  3:48  Marine  
  37  3:49  SCV  
  37  3:50  SCV, Marine  
  40  3:59  Supply Depot  
  40  4:01  SCV  
  40  4:02  SCV  
  42  4:04  Marine  
  42  4:06  Marine  
  44  4:13  SCV  
  45  4:19  Marine  
  45  4:22  SCV, Marine  
  48  4:25  Factory Reactor  
  48  4:26  Medivac  
  48  4:27  Medivac  
  48  4:28  SCV  
  53  4:34  SCV  
  53  4:37  Supply Depot  
  54  4:40  SCV, Engineering Bay  
  54  4:42  Engineering Bay  
  55  4:46  SCV  
  56  4:53  SCV  
  57  5:00  Medivac, Marine  
  57  5:01  Command Center, Marine  
  57  5:02  Widow Mine  
  63  5:11  Marine  
  63  5:13  Widow Mine  
  66  5:14  SCV  
  66  5:15  SCV  
  68  5:23  Refinery  
  68  5:25  Refinery  
  68  5:26  Supply Depot  
  68  5:27  SCV x2, Terran Infantry Weapons Level 1  
  68  5:28  Terran Infantry Armor Level 1  
  70  5:47  Marine x2  
  70  5:48  Widow Mine  
  74  5:56  Marine  
  70  6:05  Marine  
  70  6:07  Marine  
  70  6:09  Widow Mine  
  72  6:14  Marauder  
  74  6:23  Marine  
  73  6:25  Marine  
  73  6:30  Orbital Command  
  73  6:32  Barracks  
  68  6:33  Medivac x2  
  68  6:34  Barracks  
  68  6:35  Barracks  
  68  6:37  Barracks  
  72  6:40  Factory Tech Lab  
  72  6:47  Marine x3  
  72  6:50  SCV x2  
  73  7:02  SCV  
  73  7:03  Siege Tank  
  77  7:08  Supply Depot  
  77  7:10  SCV, Supply Depot  
  77  7:11  Supply Depot, Marine x2  
  77  7:15  Marauder, Combat Shields  
  82  7:16  Orbital Command  
  82  7:17  Medivac  
  82  7:18  Supply Depot  
  82  7:22  Barracks Tech Lab  
  84  7:23  Barracks Reactor  
  84  7:30  Barracks Tech Lab  
  84  7:34  Armory  
  84  7:35  Siege Tank  
  87  7:45  SCV x2  
  87  7:46  SCV  
  90  7:51  Marine x3  
  90  7:52  Marauder x3, Marine  
  90  7:57  SCV  
  90  7:58  SCV x2  
  103  8:03  Marine x2  
  103  8:05  Concussive Shells  
  105  8:07  Siege Tank  
  105  8:09  SCV, Marine x3  
  105  8:11  Supply Depot  
  112  8:13  Supply Depot, Marauder  
  112  8:14  Marauder x2  
  118  8:25  SCV x3  
  121  8:32  Terran Infantry Weapons Level 2, Terran Vehicle Weapons Level 1  
  121  8:35  Marauder  
  121  8:38  Marine, Marauder  
  126  8:43  SCV x3  
  126  8:45  Marine x2  
  126  8:46  Marine x4  
  126  8:47  Siege Tank  
  138  8:50  Refinery x2  
  138  8:55  SCV, Marine  
  139  8:56  Marine  
  141  9:23  Marine x6  
  141  9:24  SCV x3, Marauder x3  
  156  9:27  Supply Depot  
  156  9:28  Supply Depot  
  156  9:29  Supply Depot  
  156  9:30  Supply Depot x2  
  156  9:31  Supply Depot  
  156  9:36  SCV  
  157  9:47  Marine  
  157  9:48  Marauder  
  135  9:53  Marine  
  135  9:54  Marine x3, Marauder x2  
  135  9:58  Marine  
  127  10:00  SCV x2  
  127  10:05  Command Center, Marine  
  130  10:09  Marauder  
  130  10:11  Marine x2  
  130  10:13  SCV x2  
  132  10:14  Marine x2  
  132  10:16  Liberator, Marauder x2  
  132  10:17  Terran Infantry Armor Level 2  
  132  10:21  Marine  
  133  10:23  Marine  
  134  10:30  Marine  
  134  10:31  Marauder, Siege Tank  
  143  10:37  Marauder x2  
  143  10:38  SCV  
  143  10:39  SCV x2  
  150  10:51  SCV x2  
  150  10:54  Marine  
  150  10:55  Marine x2, Marauder  
  157  10:58  Marauder  
  157  11:03  Siege Tank  
  133  11:10  Marine x3, Marauder  
  123  11:12  Marine  
  123  11:16  Marauder  
  122  11:19  Marine x2  
  122  11:20  Marauder  
  126  11:27  Marine  
  126  11:30  Marine x2  
  126  11:32  Marauder  
  131  11:38  Marauder  
  133  11:43  Refinery  
  126  11:48  Refinery  
  126  11:50  Marine x4  
  126  11:51  Marauder, Marine x2  
  126  11:52  Medivac x2, Siege Tank  
  126  11:53  Marauder  
  140  11:59  Marauder  
  142  12:05  Liberator x2  
  142  12:07  Planetary Fortress, Marine  
  142  12:08  Marine x3  
  145  12:09  SCV, Marine x2  
  145  12:10  SCV  
  145  12:12  Marauder  
  145  12:14  Marauder  
  154  12:20  Terran Infantry Weapons Level 3  
  154  12:21  Marauder, Terran Ship Weapons Level 1  
  162  12:25  Marine  
  162  12:26  Marine x2  
  162  12:29  Marine  
  166  12:33  Marauder  
  166  12:34  Marine  
  166  12:35  Marine  
  166  12:36  Marauder  
  172  12:39  Supply Depot  
  172  12:42  Marauder  
  172  12:43  Marine  
  172  12:44  Siege Tank, Marine  
  177  12:48  Supply Depot, Liberator  
  178  12:55  Marauder  
  180  13:05  Medivac  
  159  13:14  Marine x3, Marauder  
  159  13:15  Marauder  
  159  13:19  Marine x2  
  154  13:20  Marine, Marauder  
  151  13:31  Siege Tank, Marine  
  151  13:32  Marine x2  
  156  13:35  Medivac  
  156  13:36  Marauder x2  
  156  13:37  Marine x3  
  167  13:41  Marauder  
  167  13:48  Medivac  
  167  13:49  Marine  
  167  13:50  Marine x2  
  167  13:55  Marine  
  171  13:57  Marauder x2  
  174  14:03  Marauder, Siege Tank  
  174  14:05  Medivac  
  172  14:12  Marine x2  
  172  14:13  Marine x3  
  162  14:18  Marauder  
  162  14:19  Marauder  
  162  14:23  Marine  
  156  14:24  Marauder  
  156  14:25  Medivac  
  156  14:30  Marine  
  154  14:35  Siege Tank  
  154  14:37  Liberator  
  155  14:38  Liberator  
  155  14:40  Marauder x2  
  155  14:44  Marine x4  
  157  14:45  Marauder  
  157  14:50  Marine  
  157  14:52  Terran Infantry Armor Level 3  
  158  14:53  Terran Ship Weapons Level 2  
  158  14:55  Marine  
  165  15:01  Marauder x2  
  165  15:02  SCV  
  167  15:07  Marine, Siege Tank  
  167  15:08  Marine x2, Marauder  
  167  15:09  Sensor Tower  
  154  15:50  Marine  
  154  15:51  Marine x3, Marauder x2  
  154  15:52  Marine x2, Marauder  
  154  15:53  Siege Tank  
  151  16:08  Marine x2  
  151  16:09  Marine  
  139  16:13  Marauder x2  
  139  16:14  Marine x3  
  139  16:15  Marauder  
  133  16:25  Medivac x2, Siege Tank  
  129  16:26  Marine x3  
  129  16:32  Marine x3  
  131  16:34  Marauder x2  
  131  16:36  Marine  
  131  16:38  Liberator x2  
  136  16:44  Marine x2  
  138  16:50  Marine  
  138  16:51  Command Center, Marine  
  142  16:54  Marauder  
  142  16:55  Marauder  
  142  16:57  Siege Tank  
  142  16:58  Marine  
  154  17:15  Marine, Marauder  
  158  17:16  Marauder  
  158  17:20  Liberator  
  158  17:21  Liberator  
  159  17:23  Starport  
  159  17:32  Marine  
  159  17:33  Marine, Marauder  
  163  17:37  Orbital Command  
  169  17:46  Marine  
  147  18:24  Liberator x2  
  96  18:34  Marine  
  96  18:35  Marine x5, Marauder  
  96  18:36  Marauder x2  
  96  18:39  Siege Tank  
  111  18:48  Barracks  
  111  18:50  Barracks  
  111  18:52  Marine x2  
  111  18:53  Marine x3  
  110  18:57  Marauder x3, Marine  
  108  19:06  Liberator x2  
  97  19:10  Marine x2  
  97  19:11  Marine x3, Siege Tank  
  98  19:18  Marauder x2  
  98  19:19  Marauder  
  100  19:33  Marine x2  
  100  19:34  Marine x4  
  105  19:40  Marauder x3  
  108  19:51  Marine x2  
  108  19:52  Marine x4  
Tags
 
Composition
MMM Bio
Matchup
TvZ
Replay Pack
2017S4
Spawn Locations
Cross Positions
Add a new tag
Caveats
  • Supply blocks, unpowered buildings, or Contaminate may cause inaccurate times.
  • Supply counts are checked every 10 seconds.